Pirates vs Bears

Created - Sunday, March 01, 2015 at 02:15

Goals
1 2 3 OT1 T
Pirates 0 0 1 0 1
Bears 0 0 1 1 2
Shots
1 2 3 OT1 T
Pirates 7 9 3 0 19
Bears 6 5 12 3 26

1st period

No Goal

Penalties :
Brandon Segal (POR) for Hooking (Minor) at 1:01

2nd period

No Goal

Penalties :
Brandon Segal (POR) for Tripping (Minor) at 7:34

3rd period

1. Bears , Justin Florek 2 (Rickard Rakell, Brandon Burlon) at 3:27
2. Pirates , Andrej Sustr 54 (Gilbert Brule) at 4:03 (SH)

Penalties :
Ryan Craig (POR) for High sticking (Double Minor) at 3:34, Dan Kelly (POR) for Holding (Minor) at 16:58

Overtime #1

3. Bears , Alexander Urbom 11 (RJ Umberger, Stefan Matteau) at 0:20

Penalties :
No Penalty

Goalie Stats

Malcolm Subban (POR), 24 saves from 26 shots - (0.923), OTL, 13-3-12, 60:20 minutes
Ilya Bryzgalov (Her), 18 saves from 19 shots - (0.947), W, 16-2-3, 60:20 minutes

Players Stats for Pirates

Player Name              G  A  P  +/- PIM S  H  SB GA TA FO     MP     PP MP  PK MP  
------------------------------------------------------------------------------------
Andrej Sustr             1  0  1   0  0   4  1  2  0  3  0/0    25:12   0:00   6:09 
Andrew Alberts           0  0  0   0  0   0  2  3  0  2  0/0    26:42   0:00   6:09 
Bobby Butler             0  0  0   0  0   1  5  0  2  1  4/8    21:22   0:00   6:09 
Brandon Segal            0  0  0  -1  4   1  2  0  2  0  0/0    17:09   0:00   0:00 
Dan Kelly                0  0  0   0  2   0  0  0  0  0  0/0     5:50   0:00   0:00 
David Steckel            0  0  0  -1  0   2  1  0  1  1  5/10   18:21   0:00   2:15 
Duncan Siemens           0  0  0   0  0   0  0  1  0  0  0/0    14:24   0:00   0:16 
Eric Tangradi            0  0  0  -1  0   2  0  0  2  0  1/1    15:06   0:00   0:00 
Freddie Hamilton         0  0  0   0  0   2  3  0  0  0  1/2    15:22   0:00   0:00 
Gilbert Brule            0  1  1   0  0   2  3  1  2  0  2/10   21:16   0:00   5:35 
Greg Rallo               0  0  0   0  0   0  0  0  0  1  0/0     0:34   0:00   0:00 
Henrik Tommernes         0  0  0  -1  0   1  0  0  1  0  0/0    24:24   0:00   3:47 
Nick Johnson             0  0  0   0  0   1  1  0  1  1  0/1    16:39   0:00   0:55 
Peter Holland            0  0  0   0  0   1  2  0  3  0  2/2    16:23   0:00   0:36 
Ryan Craig               0  0  0   0  4   1  2  0  3  1  0/0    15:40   0:00   1:49 
Ryan Stoa                0  0  0   0  0   1  0  1  0  0  1/5    12:01   0:00   2:33 
Tobias Rieder            0  0  0   0  0   0  0  0  0  0  0/0     0:00   0:00   0:00 
Vincent LoVerde          0  0  0  -1  0   0  0  0  2  0  0/0    24:55   0:00   3:31 

Players Stats for Bears

Player Name              G  A  P  +/- PIM S  H  SB GA TA FO     MP     PP MP  PK MP  
------------------------------------------------------------------------------------
Alexander Urbom          1  0  1   0  0   6  2  1  2  4  0/0    25:22   5:35   0:00 
Ben Youds                0  0  0   0  0   1  1  0  0  1  0/0    16:00   0:00   0:00 
Brandon Burlon           0  1  1   1  0   0  0  0  0  2  0/0    18:58   4:21   0:00 
David Dziurzynski        0  0  0   0  0   0  0  0  0  0  0/0     0:49   0:00   0:00 
Harry Young              0  0  0   0  0   0  0  0  1  1  0/0    16:00   0:00   0:00 
Joel Armia               0  0  0   0  0   0  1  0  0  0  0/0     0:42   0:00   0:00 
Justin Florek            1  0  1   0  0   2  2  1  1  2  0/1    20:13   4:31   0:00 
Kevin Henderson          0  0  0   0  0   1  1  1  0  0  1/1    13:56   0:38   0:00 
Mark Cundari             0  0  0   1  0   1  0  0  0  0  0/0    18:58   4:21   0:00 
Maxime Macenauer         0  0  0   0  0   2  1  0  0  1  6/9    15:22   1:06   0:00 
Patrice Cormier          0  0  0   0  0   1  1  0  1  1  1/1    15:01   0:32   0:00 
Peter Regin              0  0  0   0  0   1  0  1  1  2  6/10   15:26   4:53   0:00 
Rickard Rakell           0  1  1   0  0   0  3  0  3  1  6/13   20:25   4:09   0:00 
RJ Umberger              0  1  1   1  0   8  0  0  2  0  1/1    21:31   4:47   0:00 
Sebastian Stalberg       0  0  0   0  0   2  2  1  0  0  1/1    15:51   0:38   0:00 
Stefan Elliott           0  0  0   0  0   0  1  1  1  1  0/0    25:22   5:35   0:00 
Stefan Matteau           0  1  1   1  0   1  4  1  4  1  1/2    21:11   4:25   0:00 
Tyler Shattock           0  0  0   0  0   0  2  0  0  0  0/0    20:13   4:09   0:00 

3 Stars

1 - Ilya Bryzgalov (Her)
2 - Justin Florek (Her)
3 - Stefan Matteau (Her)

Power Play

Pirates - 0 on 0 Attempt(s) - 0.00%
Bears - 0 on 5 Attempt(s) - 0.00%

Penalty Kill

Pirates - 5 on 5 Attempt(s) - 100.00% - Score 1 goal in Penalty Kill
Bears - 0 on 0 Attempt(s) - 0.00% - Score 0 goal in Penalty Kill

Team Stat

Pirates - Hits : 22 - Faceoff Wins : 16 - Blocked Shots : 8 - Penalty Minutes : 10
Bears - Hits : 21 - Faceoff Wins : 23 - Blocked Shots : 7 - Penalty Minutes : 0

Official

Referees : Unknown
Linesman : Unknown

Game Notes

No Game Note

Finance

Level 1 -- Attendance: 1380 (69.00%) -- Ticket Income $48,300
Level 2 -- Attendance: 802 (80.20%) -- Ticket Income $12,030
Total Attendance: 2182 (72.73%)
Total Ticket Income: $60,330
Other Income: $29,562
Total Income: $89,892

Pirates

5 vs 5 Forward 
   Center                   Left Wing                Right Wing               Time % Phy DF OF 
 1 Gilbert Brule            Ryan Craig               Bobby Butler             35     1   2  2  
 2 David Steckel            Eric Tangradi            Brandon Segal            30     1   2  2  
 3 Peter Holland            Nick Johnson             Freddie Hamilton         22     1   2  2  
 4 Ryan Stoa                Bobby Butler             Gilbert Brule            13     1   2  2  

5 vs 5 Defense 
   Defense                  Defense                                           Time % Phy DF OF 
 1 Andrej Sustr             Andrew Alberts                                    35     1   2  2  
 2 Henrik Tommernes         Vincent LoVerde                                   30     1   2  2  
 3 Andrew Alberts           Vincent LoVerde                                   22     1   2  2  
 4 Henrik Tommernes         Andrew Alberts                                    13     1   2  2  

PowerPlay Forward 
   Center                   Left Wing                Right Wing               Time % Phy DF OF 
 1 Gilbert Brule            Ryan Craig               Bobby Butler             60     1   2  2  
 2 David Steckel            Eric Tangradi            Brandon Segal            40     1   2  2  

PowerPlay Defense
   Defense                  Defense                                           Time % Phy DF OF 
 1 Andrej Sustr             Andrew Alberts                                    60     1   2  2  
 2 Henrik Tommernes         Vincent LoVerde                                   40     1   2  2  

Penalty Kill 4 Players Forward 
   Center                   Wing                     Time % Phy DF OF 
 1 Bobby Butler             Gilbert Brule            60     1   2  2  
 2 David Steckel            Ryan Craig               40     1   2  2  

Penalty Kill 4 Players Defense
   Defense                  Defense                  Time % Phy DF OF 
 1 Andrej Sustr             Andrew Alberts           60     1   2  2  
 2 Henrik Tommernes         Vincent LoVerde          40     1   2  2  

Penalty Kill - 3 Players Forward 
   Forward                                           Time % Phy DF OF 
 1 Bobby Butler                                      60     1   2  2  
 2 Gilbert Brule                                     40     1   2  2  

Penalty Kill - 3 Players Defense
   Defense                  Defense                  Time % Phy DF OF 
 1 Andrej Sustr             Andrew Alberts           60     1   2  2  
 2 Henrik Tommernes         Vincent LoVerde          40     1   2  2  

4 vs 4 Forward 
   Center                   Wing                     Time % Phy DF OF 
 1 Bobby Butler             Gilbert Brule            60     1   2  2  
 2 David Steckel            Ryan Craig               40     1   2  2  

4 vs 4 Defense
   Defense                  Defense                  Time % Phy DF OF 
 1 Andrej Sustr             Andrew Alberts           60     1   2  2  
 2 Henrik Tommernes         Vincent LoVerde          40     1   2  2  

Last Minutes Offensive
   Center                   Left Wing                Right Wing               Defense                  Defense                  
   Gilbert Brule            Ryan Craig               Bobby Butler             Andrej Sustr             Andrew Alberts           

Last Minutes Defensive
   Center                   Left Wing                Right Wing               Defense                  Defense                  
   Gilbert Brule            Ryan Craig               Bobby Butler             Andrej Sustr             Andrew Alberts           

Goaltenders
Starting : Malcolm Subban           
Backup : Magnus Hellberg          

Extra Forwards
Normal : Peter Holland, Nick Johnson, Ryan Stoa - PP : Peter Holland, Nick Johnson - PK : Ryan Stoa
Extra Defensemen
Normal : Andrew Alberts, Vincent LoVerde, Henrik Tommernes - PP : Andrew Alberts - PK : Andrew Alberts, Henrik Tommernes
Penalty Shots
Bobby Butler, Gilbert Brule, David Steckel, Ryan Craig, Brandon Segal

Bears

5 vs 5 Forward 
   Center                   Left Wing                Right Wing               Time % Phy DF OF 
 1 Peter Regin              Stefan Matteau           RJ Umberger              35     1   2  2  
 2 Rickard Rakell           Justin Florek            Tyler Shattock           30     1   2  2  
 3 Maxime Macenauer         Stefan Matteau           Sebastian Stalberg       22     1   2  2  
 4 Patrice Cormier          Kevin Henderson          RJ Umberger              13     1   2  2  

5 vs 5 Defense 
   Defense                  Defense                                           Time % Phy DF OF 
 1 Stefan Elliott           Alexander Urbom                                   35     1   2  2  
 2 Mark Cundari             Brandon Burlon                                    30     1   2  2  
 3 Ben Youds                Harry Young                                       22     1   2  2  
 4 Stefan Elliott           Alexander Urbom                                   13     1   2  2  

PowerPlay Forward 
   Center                   Left Wing                Right Wing               Time % Phy DF OF 
 1 Peter Regin              Stefan Matteau           RJ Umberger              60     1   2  2  
 2 Rickard Rakell           Justin Florek            Tyler Shattock           40     1   2  2  

PowerPlay Defense
   Defense                  Defense                                           Time % Phy DF OF 
 1 Stefan Elliott           Alexander Urbom                                   60     1   2  2  
 2 Mark Cundari             Brandon Burlon                                    40     1   2  2  

Penalty Kill 4 Players Forward 
   Center                   Wing                     Time % Phy DF OF 
 1 Justin Florek            RJ Umberger              60     1   2  2  
 2 Peter Regin              Rickard Rakell           40     1   2  2  

Penalty Kill 4 Players Defense
   Defense                  Defense                  Time % Phy DF OF 
 1 Stefan Elliott           Alexander Urbom          60     1   2  2  
 2 Mark Cundari             Brandon Burlon           40     1   2  2  

Penalty Kill - 3 Players Forward 
   Forward                                           Time % Phy DF OF 
 1 Peter Regin                                       60     1   2  2  
 2 RJ Umberger                                       40     1   2  2  

Penalty Kill - 3 Players Defense
   Defense                  Defense                  Time % Phy DF OF 
 1 Stefan Elliott           Alexander Urbom          60     1   2  2  
 2 Mark Cundari             Brandon Burlon           40     1   2  2  

4 vs 4 Forward 
   Center                   Wing                     Time % Phy DF OF 
 1 Stefan Matteau           RJ Umberger              60     1   2  2  
 2 Peter Regin              Rickard Rakell           40     1   2  2  

4 vs 4 Defense
   Defense                  Defense                  Time % Phy DF OF 
 1 Stefan Elliott           Alexander Urbom          60     1   2  2  
 2 Mark Cundari             Brandon Burlon           40     1   2  2  

Last Minutes Offensive
   Center                   Left Wing                Right Wing               Defense                  Defense                  
   Peter Regin              Rickard Rakell           RJ Umberger              Stefan Elliott           Alexander Urbom          

Last Minutes Defensive
   Center                   Left Wing                Right Wing               Defense                  Defense                  
   Peter Regin              Rickard Rakell           RJ Umberger              Stefan Elliott           Alexander Urbom          

Goaltenders
Starting : Ilya Bryzgalov           
Backup : John Gibson              

Extra Forwards
Normal : Stefan Matteau, Maxime Macenauer, Patrice Cormier - PP : Stefan Matteau, Maxime Macenauer - PK : Patrice Cormier
Extra Defensemen
Normal : Ben Youds, Harry Young, Mark Cundari - PP : Ben Youds - PK : Harry Young, Mark Cundari
Penalty Shots
Maxime Macenauer, RJ Umberger, Peter Regin, Rickard Rakell, Justin Florek

% Time on Ice - Pirates

Lines # - Real PCT - Wanted PCT - Time Play
Normal Forward
1 - 24% - 35% - 12:13
2 - 33% - 30% - 16:45
3 - 31% - 22% - 15:22
4 - 11% - 13% - 5:44
Normal Defense
1 - 37% - 35% - 18:43
2 - 34% - 30% - 17:03
3 - 19% - 22% - 9:20
4 - 10% - 13% - 4:58
PP Forward
1 - 0% - 60%
2 - 0% - 40%
PP Defense
1 - 0% - 60%
2 - 0% - 40%
PK Forward
1 - 79% - 60% - 7:51
2 - 21% - 40% - 2:05
PK Defense
1 - 62% - 60% - 6:09
2 - 38% - 40% - 3:47
PK3 Forward
1 - 0% - 60%
2 - 0% - 40%
PK3 Defense
1 - 0% - 60%
2 - 0% - 40%
44 Forward
1 - 100% - 60% - 0:20
2 - 0% - 40% - 0:00
44 Defense
1 - 100% - 60% - 0:20
2 - 0% - 40% - 0:00
Last Minute Offensive  - 0:00
Last Minute Defensive  - 0:00
Total
Forward - 60:20
Defense - 60:20

% Time on Ice - Bears

Lines # - Real PCT - Wanted PCT - Time Play
Normal Forward
1 - 20% - 35% - 10:02
2 - 31% - 30% - 15:42
3 - 26% - 22% - 12:47
4 - 23% - 13% - 11:33
Normal Defense
1 - 31% - 35% - 15:34
2 - 29% - 30% - 14:37
3 - 32% - 22% - 16:00
4 - 8% - 13% - 3:53
PP Forward
1 - 55% - 60% - 5:25
2 - 45% - 40% - 4:31
PP Defense
1 - 56% - 60% - 5:35
2 - 44% - 40% - 4:21
PK Forward
1 - 0% - 60%
2 - 0% - 40%
PK Defense
1 - 0% - 60%
2 - 0% - 40%
PK3 Forward
1 - 0% - 60%
2 - 0% - 40%
PK3 Defense
1 - 0% - 60%
2 - 0% - 40%
44 Forward
1 - 100% - 60% - 0:20
2 - 0% - 40% - 0:00
44 Defense
1 - 100% - 60% - 0:20
2 - 0% - 40% - 0:00
Last Minute Offensive  - 0:00
Last Minute Defensive  - 0:00
Total
Forward - 60:20
Defense - 60:20

Play by Play

1st period


0:01 of 1st period - RJ Umberger wins face-off versus Gilbert Brule in neutral zone.
0:13 of 1st period - Alexander Urbom is hit by Bobby Butler and loses puck.
0:20 of 1st period - Wrist shot by Gilbert Brule.
0:20 of 1st period - Stopped by Ilya Bryzgalov without a rebound.
0:21 of 1st period - Eric Tangradi wins face-off versus Rickard Rakell in Bears zone.
0:36 of 1st period - Brandon Burlon is hit by Brandon Segal.
1:01 of 1st period - Minor Penalty to Brandon Segal for Hooking.
1:02 of 1st period - Bobby Butler wins face-off versus Peter Regin in Pirates zone.
1:25 of 1st period - Snap shot by RJ Umberger.
1:25 of 1st period - Stopped by Malcolm Subban with a rebound.
1:27 of 1st period - Wrist shot by Peter Regin.
1:27 of 1st period - Shot Hit the Post.
1:29 of 1st period - Slapshot by RJ Umberger.
1:29 of 1st period - Stopped by Malcolm Subban with a rebound.
2:07 of 1st period - Ryan Craig is hit by Alexander Urbom and loses puck.
2:56 of 1st period - Tyler Shattock is hit by Ryan Craig and loses puck.
3:01 of 1st period - Penalty to Brandon Segal is over, Brandon Segal is back on ice.
3:20 of 1st period - Vincent LoVerde is hit by Maxime Macenauer and loses puck.
3:49 of 1st period - RJ Umberger is hit by Ryan Craig and loses puck.
4:18 of 1st period - Snap shot by Sebastian Stalberg.
4:18 of 1st period - Shot Misses the Net.
4:28 of 1st period - Off-side.
4:29 of 1st period - Kevin Henderson wins face-off versus Ryan Stoa in neutral zone.
4:32 of 1st period - Slapshot by Alexander Urbom.
4:32 of 1st period - Shot Blocked by Andrej Sustr.
4:34 of 1st period - Slapshot by Alexander Urbom.
4:34 of 1st period - Stopped by Malcolm Subban with a rebound.
4:36 of 1st period - Snap shot by RJ Umberger.
4:36 of 1st period - Stopped by Malcolm Subban with a rebound.
4:38 of 1st period - Slapshot by Alexander Urbom.
4:38 of 1st period - Shot Blocked by Andrej Sustr.
4:40 of 1st period - Snap shot by Patrice Cormier.
4:40 of 1st period - Shot Blocked by Andrew Alberts.
5:27 of 1st period - Snap shot by Eric Tangradi.
5:27 of 1st period - Shot Misses the Net.
5:29 of 1st period - Slapshot by Brandon Segal.
5:29 of 1st period - Shot Blocked by Stefan Elliott.
5:39 of 1st period - Rickard Rakell is hit by Andrew Alberts and loses puck.
6:46 of 1st period - Henrik Tommernes is hit by Stefan Matteau and loses puck.
6:50 of 1st period - Icing by Henrik Tommernes.
6:51 of 1st period - Peter Regin wins face-off versus David Steckel in Pirates zone.
7:20 of 1st period - Snap shot by Bobby Butler.
7:20 of 1st period - Stopped by Ilya Bryzgalov with a rebound.
7:23 of 1st period - Icing by Brandon Burlon.
7:24 of 1st period - Maxime Macenauer wins face-off versus Gilbert Brule in Bears zone.
7:44 of 1st period - Icing by Henrik Tommernes.
7:45 of 1st period - Peter Holland wins face-off versus Rickard Rakell in Pirates zone.
7:54 of 1st period - Ben Youds is hit by Andrew Alberts and loses puck.
9:32 of 1st period - Alexander Urbom is hit by Freddie Hamilton.
9:42 of 1st period - Vincent LoVerde is hit by Rickard Rakell and loses puck.
9:49 of 1st period - Alexander Urbom is hit by Gilbert Brule.
10:17 of 1st period - Slapshot by Sebastian Stalberg.
10:17 of 1st period - Stopped by Malcolm Subban without a rebound.
10:18 of 1st period - David Steckel wins face-off versus Maxime Macenauer in Pirates zone.
10:33 of 1st period - Snap shot by RJ Umberger.
10:33 of 1st period - Shot Misses the Net.
10:41 of 1st period - Stefan Matteau is hit by Andrej Sustr and loses puck.
13:25 of 1st period - Tyler Shattock is hit by Bobby Butler and loses puck.
13:50 of 1st period - Slapshot by Eric Tangradi.
13:50 of 1st period - Shot Misses the Net.
13:52 of 1st period - Wrist shot by David Steckel.
13:52 of 1st period - Stopped by Ilya Bryzgalov with a rebound.
13:54 of 1st period - Snap shot by Duncan Siemens.
13:54 of 1st period - Shot Blocked by Kevin Henderson.
13:56 of 1st period - Wrist shot by Eric Tangradi.
13:56 of 1st period - Stopped by Ilya Bryzgalov with a rebound.
13:58 of 1st period - Slapshot by Duncan Siemens.
13:58 of 1st period - Shot Blocked by Peter Regin.
14:15 of 1st period - Kevin Henderson is hit by Freddie Hamilton and loses puck.
14:30 of 1st period - Bobby Butler is hit by Stefan Matteau and loses puck.
14:43 of 1st period - Wrist shot by Stefan Matteau.
14:43 of 1st period - Deflect By Maxime Macenauer.
14:43 of 1st period - Shot Blocked by Gilbert Brule.
14:43 of 1st period - Puck is out of play.
14:44 of 1st period - Maxime Macenauer wins face-off versus Gilbert Brule in Pirates zone.
15:42 of 1st period - Snap shot by Patrice Cormier.
15:42 of 1st period - Shot Misses the Net.
15:44 of 1st period - Snap shot by Maxime Macenauer.
15:44 of 1st period - Stopped by Malcolm Subban with a rebound.
16:30 of 1st period - Slapshot by Andrej Sustr.
16:30 of 1st period - Shot Misses the Net.
16:32 of 1st period - Snap shot by Ryan Stoa.
16:32 of 1st period - Stopped by Ilya Bryzgalov with a rebound.
16:34 of 1st period - Snap shot by Bobby Butler.
16:34 of 1st period - Shot Misses the Net.
16:36 of 1st period - Snap shot by Gilbert Brule.
16:36 of 1st period - Shot Blocked by Sebastian Stalberg.
17:00 of 1st period - Wrist shot by Peter Regin.
17:00 of 1st period - Shot Misses the Net.
17:44 of 1st period - Wrist shot by Peter Regin.
17:44 of 1st period - Shot Misses the Net.
18:07 of 1st period - Andrej Sustr is hit by Joel Armia and loses puck.
18:47 of 1st period - Snap shot by Freddie Hamilton.
18:47 of 1st period - Stopped by Ilya Bryzgalov without a rebound.
18:48 of 1st period - Peter Holland wins face-off versus Rickard Rakell in Bears zone.
19:15 of 1st period - Wrist shot by Eric Tangradi.
19:15 of 1st period - Deflect By Brandon Segal.
19:15 of 1st period - Shot Blocked by Alexander Urbom.
19:15 of 1st period - Puck is out of play.
19:16 of 1st period - Sebastian Stalberg wins face-off versus David Steckel in Bears zone.
19:46 of 1st period - Wrist shot by Gilbert Brule.
19:46 of 1st period - Stopped by Ilya Bryzgalov with a rebound.
Goals for this period are 0 for Pirates vs 0 for Bears.
Shots for this period are 7 for Pirates vs 6 for Bears.

2nd period


0:01 of 2nd period - Peter Regin wins face-off versus Gilbert Brule in neutral zone.
0:03 of 2nd period - Alexander Urbom is hit by Gilbert Brule.
1:11 of 2nd period - Rickard Rakell is hit by David Steckel and loses puck.
1:29 of 2nd period - Off-side.
1:30 of 2nd period - Maxime Macenauer wins face-off versus Freddie Hamilton in neutral zone.
1:46 of 2nd period - Slapshot by Mark Cundari.
1:46 of 2nd period - Deflect By Freddie Hamilton.
1:46 of 2nd period - Stopped by Malcolm Subban without a rebound.
1:47 of 2nd period - Maxime Macenauer wins face-off versus Gilbert Brule in Pirates zone.
2:14 of 2nd period - Snap shot by Ryan Craig.
2:14 of 2nd period - Shot Blocked by Stefan Matteau.
2:16 of 2nd period - Slapshot by Andrej Sustr.
2:16 of 2nd period - Stopped by Ilya Bryzgalov without a rebound.
2:17 of 2nd period - David Steckel wins face-off versus Rickard Rakell in Bears zone.
3:14 of 2nd period - Freddie Hamilton is hit by Kevin Henderson and loses puck.
3:34 of 2nd period - Wrist shot by Peter Holland.
3:34 of 2nd period - Stopped by Ilya Bryzgalov with a rebound.
3:36 of 2nd period - Slapshot by Henrik Tommernes.
3:36 of 2nd period - Shot Misses the Net.
5:00 of 2nd period - Slapshot by Andrej Sustr.
5:00 of 2nd period - Shot Misses the Net.
5:55 of 2nd period - Snap shot by Brandon Segal.
5:55 of 2nd period - Stopped by Ilya Bryzgalov without a rebound.
5:56 of 2nd period - David Steckel wins face-off versus Maxime Macenauer in Bears zone.
6:13 of 2nd period - Slapshot by Brandon Burlon.
6:13 of 2nd period - Deflect By Sebastian Stalberg.
6:13 of 2nd period - Stopped by Malcolm Subban with a rebound.
7:34 of 2nd period - Minor Penalty to Brandon Segal for Tripping.
7:35 of 2nd period - Peter Regin wins face-off versus Bobby Butler in Pirates zone.
7:44 of 2nd period - Slapshot by RJ Umberger.
7:44 of 2nd period - Stopped by Malcolm Subban with a rebound.
8:10 of 2nd period - Andrew Alberts is hit by Tyler Shattock and loses puck.
8:21 of 2nd period - Brandon Burlon is hit by Bobby Butler.
8:56 of 2nd period - Brandon Burlon is hit by Bobby Butler.
9:34 of 2nd period - Penalty to Brandon Segal is over, Brandon Segal is back on ice.
10:07 of 2nd period - Wrist shot by Freddie Hamilton.
10:07 of 2nd period - Stopped by Ilya Bryzgalov without a rebound.
10:08 of 2nd period - Maxime Macenauer wins face-off versus Nick Johnson in Bears zone.
10:59 of 2nd period - Andrej Sustr is hit by Stefan Elliott and loses puck.
11:30 of 2nd period - Slapshot by Andrej Sustr.
11:30 of 2nd period - Stopped by Ilya Bryzgalov without a rebound.
11:31 of 2nd period - Rickard Rakell wins face-off versus Ryan Stoa in Bears zone.
11:35 of 2nd period - Off-side.
11:36 of 2nd period - Rickard Rakell wins face-off versus Ryan Stoa in neutral zone.
11:57 of 2nd period - RJ Umberger is hit by Nick Johnson and loses puck.
12:38 of 2nd period - Snap shot by Eric Tangradi.
12:38 of 2nd period - Stopped by Ilya Bryzgalov with a rebound.
12:40 of 2nd period - Slapshot by Andrej Sustr.
12:40 of 2nd period - Stopped by Ilya Bryzgalov without a rebound.
12:41 of 2nd period - Gilbert Brule wins face-off versus Maxime Macenauer in Bears zone.
12:42 of 2nd period - Snap shot by Bobby Butler.
12:42 of 2nd period - Shot Misses the Net.
12:56 of 2nd period - Snap shot by Ryan Craig.
12:56 of 2nd period - Stopped by Ilya Bryzgalov without a rebound.
12:57 of 2nd period - Gilbert Brule wins face-off versus Rickard Rakell in Bears zone.
13:52 of 2nd period - Snap shot by Nick Johnson.
13:52 of 2nd period - Stopped by Ilya Bryzgalov without a rebound.
13:53 of 2nd period - Freddie Hamilton wins face-off versus Justin Florek in Bears zone.
15:50 of 2nd period - Ryan Craig is hit by Tyler Shattock and loses puck.
16:14 of 2nd period - Eric Tangradi is hit by Patrice Cormier and loses puck.
16:36 of 2nd period - Slapshot by Alexander Urbom.
16:36 of 2nd period - Stopped by Malcolm Subban with a rebound.
16:38 of 2nd period - Slapshot by Stefan Elliott.
16:38 of 2nd period - Shot Blocked by Duncan Siemens.
16:40 of 2nd period - Wrist shot by Alexander Urbom.
16:40 of 2nd period - Deflect By RJ Umberger.
16:40 of 2nd period - Stopped by Malcolm Subban with a rebound.
16:42 of 2nd period - Wrist shot by Stefan Matteau.
16:42 of 2nd period - Shot Blocked by Ryan Stoa.
16:44 of 2nd period - Snap shot by Stefan Matteau.
16:44 of 2nd period - Shot Misses the Net.
18:04 of 2nd period - Stefan Elliott is hit by Peter Holland and loses puck.
18:19 of 2nd period - Alexander Urbom is hit by Freddie Hamilton.
18:53 of 2nd period - Gilbert Brule is hit by Justin Florek and loses puck.
19:04 of 2nd period - Alexander Urbom is hit by Gilbert Brule and loses puck.
Goals for this period are 0 for Pirates vs 0 for Bears.
Shots for this period are 9 for Pirates vs 5 for Bears.

3rd period


0:01 of 3rd period - Peter Regin wins face-off versus Gilbert Brule in neutral zone.
0:52 of 3rd period - Andrew Alberts is hit by Rickard Rakell and loses puck.
1:07 of 3rd period - Eric Tangradi is hit by Alexander Urbom and loses puck.
1:36 of 3rd period - Maxime Macenauer is hit by Peter Holland and loses puck.
1:50 of 3rd period - Snap shot by Maxime Macenauer.
1:50 of 3rd period - Stopped by Malcolm Subban without a rebound.
1:51 of 3rd period - Patrice Cormier wins face-off versus Ryan Stoa in Pirates zone.
2:12 of 3rd period - Snap shot by RJ Umberger.
2:12 of 3rd period - Shot Misses the Net.
3:03 of 3rd period - Icing by Vincent LoVerde.
3:04 of 3rd period - David Steckel wins face-off versus Rickard Rakell in Pirates zone.
3:04 of 3rd period - David Steckel is hit by Justin Florek.
3:10 of 3rd period - Rickard Rakell is hit by Brandon Segal and loses puck.
3:27 of 3rd period - Slapshot by Justin Florek.
3:27 of 3rd period - Goal by Justin Florek - Pirates : 0 - Bears : 1.
3:28 of 3rd period - Maxime Macenauer wins face-off versus Gilbert Brule in neutral zone.
3:34 of 3rd period - Double Minor Penalty to Ryan Craig for High sticking.
3:35 of 3rd period - Rickard Rakell wins face-off versus Gilbert Brule in Pirates zone.
3:35 of 3rd period - Slapshot by Alexander Urbom.
3:35 of 3rd period - Shot Misses the Net.
4:03 of 3rd period - Slapshot by Andrej Sustr.
4:03 of 3rd period - Goal by Andrej Sustr - Pirates : 1 - Bears : 1.
4:04 of 3rd period - Bobby Butler wins face-off versus Peter Regin in neutral zone.
4:19 of 3rd period - Backhand shot by RJ Umberger.
4:19 of 3rd period - Stopped by Malcolm Subban without a rebound.
4:20 of 3rd period - Peter Regin wins face-off versus Bobby Butler in Pirates zone.
4:29 of 3rd period - Snap shot by Peter Regin.
4:29 of 3rd period - Stopped by Malcolm Subban with a rebound.
4:31 of 3rd period - Snap shot by Peter Regin.
4:31 of 3rd period - Shot Blocked by Andrew Alberts.
4:33 of 3rd period - Snap shot by Alexander Urbom.
4:33 of 3rd period - Stopped by Malcolm Subban without a rebound.
4:34 of 3rd period - Rickard Rakell wins face-off versus Bobby Butler in Pirates zone.
4:39 of 3rd period - Slapshot by Alexander Urbom.
4:39 of 3rd period - Stopped by Malcolm Subban without a rebound.
4:40 of 3rd period - Bobby Butler wins face-off versus Rickard Rakell in Pirates zone.
5:36 of 3rd period - Gilbert Brule is hit by Stefan Matteau and loses puck.
6:07 of 3rd period - Off-side.
6:08 of 3rd period - Rickard Rakell wins face-off versus David Steckel in neutral zone.
6:15 of 3rd period - Wrist shot by Justin Florek.
6:15 of 3rd period - Stopped by Malcolm Subban without a rebound.
6:16 of 3rd period - Rickard Rakell wins face-off versus David Steckel in Pirates zone.
6:17 of 3rd period - Slapshot by Justin Florek.
6:17 of 3rd period - Shot Misses the Net.
7:34 of 3rd period - Penalty to Ryan Craig is over, Ryan Craig is back on ice.
8:17 of 3rd period - Slapshot by Ben Youds.
8:17 of 3rd period - Stopped by Malcolm Subban with a rebound.
8:19 of 3rd period - Wrist shot by Kevin Henderson.
8:19 of 3rd period - Stopped by Malcolm Subban with a rebound.
9:04 of 3rd period - Wrist shot by Eric Tangradi.
9:04 of 3rd period - Shot Misses the Net.
9:16 of 3rd period - Gilbert Brule is hit by Sebastian Stalberg and loses puck.
9:31 of 3rd period - Andrew Alberts is hit by Sebastian Stalberg and loses puck.
10:16 of 3rd period - Slapshot by Mark Cundari.
10:16 of 3rd period - Shot Blocked by Andrew Alberts.
11:37 of 3rd period - Sebastian Stalberg is hit by Bobby Butler and loses puck.
12:04 of 3rd period - Snap shot by Ryan Stoa.
12:04 of 3rd period - Shot Misses the Net.
12:06 of 3rd period - Snap shot by Duncan Siemens.
12:06 of 3rd period - Shot Misses the Net.
12:59 of 3rd period - Snap shot by Tyler Shattock.
12:59 of 3rd period - Shot Misses the Net.
14:06 of 3rd period - Snap shot by Eric Tangradi.
14:06 of 3rd period - Deflect By Brandon Segal.
14:06 of 3rd period - Shot Misses the Net.
14:06 of 3rd period - Puck is out of play.
14:07 of 3rd period - Peter Regin wins face-off versus David Steckel in Bears zone.
14:18 of 3rd period - Icing by Andrej Sustr.
14:19 of 3rd period - David Steckel wins face-off versus Peter Regin in Pirates zone.
14:52 of 3rd period - Duncan Siemens is hit by Ben Youds.
15:09 of 3rd period - Slapshot by Stefan Matteau.
15:09 of 3rd period - Shot Misses the Net.
15:11 of 3rd period - Slapshot by Brandon Burlon.
15:11 of 3rd period - Shot Misses the Net.
15:13 of 3rd period - Slapshot by Brandon Burlon.
15:13 of 3rd period - Shot Misses the Net.
16:13 of 3rd period - Snap shot by David Steckel.
16:13 of 3rd period - Shot Blocked by Justin Florek.
16:15 of 3rd period - Slapshot by Henrik Tommernes.
16:15 of 3rd period - Stopped by Ilya Bryzgalov with a rebound.
16:17 of 3rd period - Slapshot by David Steckel.
16:17 of 3rd period - Shot Misses the Net.
16:19 of 3rd period - Snap shot by David Steckel.
16:19 of 3rd period - Stopped by Ilya Bryzgalov with a rebound.
16:44 of 3rd period - Andrej Sustr is hit by Stefan Matteau and loses puck.
16:58 of 3rd period - Minor Penalty to Dan Kelly for Holding.
16:59 of 3rd period - Ryan Stoa wins face-off versus Peter Regin in Pirates zone.
18:58 of 3rd period - Penalty to Dan Kelly is over, Dan Kelly is back on ice.
19:24 of 3rd period - Wrist shot by RJ Umberger.
19:24 of 3rd period - Stopped by Malcolm Subban with a rebound.
19:26 of 3rd period - Wrist shot by Stefan Matteau.
19:26 of 3rd period - Stopped by Malcolm Subban with a rebound.
19:28 of 3rd period - Slapshot by Patrice Cormier.
19:28 of 3rd period - Deflect By Andrej Sustr.
19:28 of 3rd period - Stopped by Malcolm Subban with a rebound.
19:30 of 3rd period - Wrist shot by RJ Umberger.
19:30 of 3rd period - Shot Misses the Net.
19:56 of 3rd period - David Steckel is hit by Rickard Rakell and loses puck.
Goals for this period are 1 for Pirates vs 1 for Bears.
Shots for this period are 3 for Pirates vs 12 for Bears.

Overtime #1


0:01 of 1st overtime period - Bobby Butler wins face-off versus Stefan Matteau in neutral zone.
0:06 of 1st overtime period - Slapshot by Stefan Matteau.
0:06 of 1st overtime period - Shot Misses the Net.
0:08 of 1st overtime period - Slapshot by Alexander Urbom.
0:08 of 1st overtime period - Stopped by Malcolm Subban with a rebound.
0:10 of 1st overtime period - Snap shot by Alexander Urbom.
0:10 of 1st overtime period - Shot Misses the Net.
0:12 of 1st overtime period - Wrist shot by RJ Umberger.
0:12 of 1st overtime period - Stopped by Malcolm Subban with a rebound.
0:14 of 1st overtime period - Slapshot by Stefan Elliott.
0:14 of 1st overtime period - Deflect By RJ Umberger.
0:14 of 1st overtime period - Shot Misses the Net.
0:14 of 1st overtime period - Puck is out of play.
0:15 of 1st overtime period - Stefan Matteau wins face-off versus Bobby Butler in Pirates zone.
0:20 of 1st overtime period - Slapshot by Alexander Urbom.
0:20 of 1st overtime period - Goal by Alexander Urbom - Pirates : 1 - Bears : 2.
Goals for this period are 0 for Pirates vs 1 for Bears.
Shots for this period are 0 for Pirates vs 3 for Bears.


Output by the SimonT Hockey Simulator (STHS) for Eric Dolegowski -- Original Page W3C XHTML 1.0 Valid
Hockey Simulator - Hockey Simulation - Hockey Manager